 Dungeon Crawl Stone Soup version 0.32-a0-921-g04a7ad8e02 (webtiles) character file.

Game seed: 6677580457937616361

14833 Ijustatesigmund the Destroyer (level 12, -7/136 HPs)
             Began as a Gnoll Conjurer on Apr 12, 2024.
             Was a Follower of Vehumet.
             Mangled by a minotaur
             ... wielding a +4 dire flail of protection
              (12 damage)
             ... in a Gauntlet.
             The game lasted 00:40:55 (22953 turns).

Ijustatesigmund the Destroyer (Gnoll Conjurer)     Turns: 22953, Time: 00:40:56

Health: -7/136     AC: 26    Str:  7    XL:     12   Next: 20%
Magic:  0/25       EV:  2    Int: 23    God:    Vehumet [*.....]
Gold:   777        SH: 11    Dex: 15    Spells: 22/29 levels left

rFire   . . .        h - +6 trident (heavy)
rCold   . . .        F - +0 buckler
rNeg    . . .        a - melded +2 robe {Will+}
rPois   +            k - melded +2 helmet
rElec   .            M - melded +0 cloak
rCorr   .            i - melded +0 pair of gloves
SInv    .            o - melded +0 pair of boots
Will    .....        y - amulet of Yendor {Reflect Dex+5 SH+5}
Stlth   ++++         r - ring of wizardry
HPRegen 0.42/turn    z - ring of wizardry
MPRegen 0.19/turn

%: no teleportation, reflection, wizardry (x2)
@: mighty, tree-form
A: stationary, stasis, torment immunity, boosted hp, (fangs 1), strong nose,
distributed training
a: Renounce Religion


You were in a Gauntlet.
You worshipped Vehumet.
Vehumet was aware of your devotion.
You were a tree.
You visited 2 branches of the dungeon, and saw 12 of its levels.
You also visited: Ossuary and Gauntlet.

You collected 777 gold pieces.

Inventory:

Hand Weapons
 e - a +3 flail of freezing
 g - a +4 scimitar of flaming
 h - a +6 heavy trident (weapon)
 H - a +4 scimitar of flaming
Missiles
 A - a throwing net
Armour
 a - a +2 robe of willpower (melded)
 i - a +0 pair of gloves (melded)
 k - a +2 helmet (melded)
 o - a +0 pair of boots (melded)
 u - +0 acid dragon scales
 F - a +0 buckler (worn)
 M - a +0 cloak (melded)
Magical Staves
 d - a staff of conjuration
Jewellery
 p - a ring of ice
 r - a ring of wizardry (left branch)
 x - a ring of fire
 y - the amulet of Yendor (around neck) {Reflect Dex+5 SH+5}
   (You found it in a Gauntlet)

   [amulet of reflection]

   Reflect:   It reflects blocked missile attacks.
   Dex+5:     It affects your dexterity (+5).
   SH+5:      It affects your SH (+5).
 z - a ring of wizardry (right branch)
 E - an amulet of the acrobat
Wands
 w - a wand of warping (4)
 B - a wand of polymorph (5)
 I - a wand of paralysis (1)
Scrolls
 q - 7 scrolls of teleportation
 C - a scroll of revelation
 D - a scroll of silence
 J - 2 scrolls of fear
Potions
 b - 2 potions of magic
 c - 2 potions of mutation
 j - 4 potions of attraction
 l - 5 potions of curing
 m - a potion of resistance
 n - a potion of enlightenment
 s - a potion of haste
 t - 3 potions of might
 v - 3 potions of brilliance
 G - a potion of cancellation {unknown}


   Skills:
 + Level 7.3 Fighting
 + Level 7.3 Short Blades
 + Level 7.3 Long Blades
 + Level 7.3 Axes
 + Level 7.3 Maces & Flails
 + Level 7.3 Polearms
 + Level 7.3 Staves
 + Level 7.3 Ranged Weapons
 + Level 7.3 Throwing
 + Level 7.3 Armour
 + Level 8.7 Dodging
 + Level 8.5 Stealth
 + Level 7.3 Shields
 + Level 7.3 Unarmed Combat
 + Level 9.0 Spellcasting
 + Level 9.4 Conjurations
 + Level 6.1 Hexes
 + Level 6.1 Summonings
 + Level 6.1 Necromancy
 + Level 6.1 Translocations
 + Level 6.1 Fire Magic
 + Level 6.1 Ice Magic
 + Level 6.1 Air Magic
 + Level 6.1 Earth Magic
 + Level 6.1 Alchemy
 + Level 8.0 Invocations
 + Level 7.3 Evocations
 + Level 6.7 Shapeshifting


You had 22 spell levels left.
You knew the following spells:

 Your Spells              Type           Power      Damage    Failure   Level
a - Magic Dart            Conj           100%       1d8       1%          1
b - Searing Ray           Conj           100%       2d8       1%          2
c - Iskenderun's Mystic   Conj/Tloc      46%        2d10      (+2d51%     4

Your spell library contained the following spells:

 Spells                   Type           Power      Damage    Failure   Level
 Sting                    Conj/Alch      100%       1d9       1%          1
 Necrotise                Necr           100%       1d9       1%          1
 Slow                     Hex            100%       N/A       1%          1
 Blink                    Tloc           76%        N/A       1%          2
 Call Imp                 Summ           76%        N/A       1%          2
 Cigotuvi's Dreadful Rot  Necr/Alch/Air  76%        N/A       1%          2
 Ensorcelled Hibernation  Hex/Ice        76%        N/A       1%          2
 Lesser Beckoning         Tloc           76%        N/A       1%          2
 Confusing Touch          Hex            38%        N/A       1%          3
 Fugue of the Fallen      Necr           38%        N/A       1%          3
 Maxwell's Portable Pile  Tloc           38%        2d(9-25)  1%          3
 Teleport Other           Tloc           38%        N/A       1%          3
 Vampiric Draining        Necr           38%        2d8       1%          3
 Volatile Blastmotes      Fire/Tloc      76%        2d16      1%          3
 Fulminant Prism          Conj/Alch      23%        3d12      1%          4
 Anguish                  Hex/Necr       19%        N/A       2%          4
 Animate Armour           Summ/Erth      76%        N/A       2%          4
 Dispel Undead            Necr           38%        3d16      2%          4
 Martyr's Knell           Necr/Summ      38%        N/A       2%          4
 Summon Lightning Spire   Summ/Air       38%        N/A       2%          4
 Curse of Agony           Necr           38%        N/A       5%          5
 Lee's Rapid Deconstruct  Erth           19%        3d11*     5%          5


Dungeon Overview and Level Annotations

Branches:
Dungeon (11/15)            Temple (1/1) D:5            Lair (0/5) D:8
    Orc (0/2) D:9         Ossuary (visited)         Gauntlet (1/1)

Altars:
Ashenzari
Cheibriados
Dithmenos
Elyvilon
Fedhas
Gozag
Hepliaklqana
Kikubaaqudgha
Makhleb
Nemelex Xobeh
Okawaru
Qazlal
Ru
Sif Muna
Trog
Uskayaw
Vehumet
Wu Jian
Xom
Yredelemnul
Zin
The Shining One

Shops:
D:1 :   D:2 [(=

Annotations:
D:7 exclusion: oklob plant Gauntlet 4 transporters, 1 runed translucent door, exclusion: lightning spire


Innate Abilities, Weirdness & Mutations

You are a tree.
Your roots penetrate the ground, keeping you stationary.
You cannot be teleported.
You are immune to unholy pain and torment.
Your maximum health is greatly increased.
Your equipment is partially melded.
((You have very sharp teeth.))
Your uncanny sense of smell can sniff out nearby items.
Your experience applies equally to all skills.


Message History

You erupt in a blast of force!
The mystic blast hits the minotaur.
The minotaur is heavily wounded.
The minotaur is knocked back by the mystic blast.
The minotaur slams into the metal wall.
Casting: Iskenderun's Mystic Blast (mildly dangerous; 1% risk of failure)
Confirm with . or Enter, or press ? or * to list all spells.
You erupt in a blast of force!
The mystic blast hits the minotaur but does no damage.
The minotaur is heavily wounded.
Casting: Iskenderun's Mystic Blast (mildly dangerous; 1% risk of failure)
Confirm with . or Enter, or press ? or * to list all spells.
You erupt in a blast of force!
The mystic blast hits the minotaur but does no damage.
The minotaur is heavily wounded.
You block the minotaur's attack.
The minotaur gores you but does no damage.
Casting: Iskenderun's Mystic Blast (mildly dangerous; 1% risk of failure)
Confirm with . or Enter, or press ? or * to list all spells.
You erupt in a blast of force!
The mystic blast hits the minotaur!
The minotaur is severely wounded.
The minotaur is knocked back by the mystic blast.
The minotaur slams into the metal wall.
Casting: Iskenderun's Mystic Blast (mildly dangerous; 1% risk of failure)
Confirm with . or Enter, or press ? or * to list all spells.
You don't have enough magic to cast this spell.
You hit the minotaur.
The minotaur is severely wounded.
You block the minotaur's attack. The minotaur barely misses you.
You puncture the minotaur!
The minotaur is almost dead.
The minotaur hits you but does no damage.
The minotaur gores you but does no damage.
Casting: Iskenderun's Mystic Blast (mildly dangerous; 1% risk of failure)
Confirm with . or Enter, or press ? or * to list all spells.
You erupt in a blast of force!
The mystic blast hits the minotaur but does no damage.
The minotaur is almost dead.
The minotaur hits you but does no damage.
The minotaur gores you!
You die...

#≈≈≈#...######
########...#...#ß..©#
#..... ....#.ß.#©...#
##.##.###.ß.#.⌠.#ß..©#
#ß........©.#.ß.######
.....#.#.ß.#...#.##©#
#######.#.#.©.#...#..#..
:ß?ß.ß#...#.ß.#.ß.###.##
......'♣###.©.#.∩.#.#.©#
[ß/ß.ß#.H.#.ß.#.ß.##.##.
##### #.#.#.©.#...##..#.
..#.#.ß.#...#.##.# ...
..©.#.ß.###### ##.#
#.ß.#.⌠.#ß..©# ...
....#.ß.#©...# ###
#...#...#ß..©#
#≈≈≈#...######


You could see a minotaur.

Vanquished Creatures
  A boulder beetle (D:10)
  Erica (D:9)
  2 two-headed ogres
  A fire crab (Gauntlet)
  2 sixfirhies (Gauntlet)
  Pikel (D:6)
  An unseen horror (D:10)
  An efreet (Gauntlet)
  2 trolls
  Grinder (D:4)
  4 wyverns
  4 shadows (Gauntlet)
  14 yaks
  A fire elemental (Gauntlet)
  2 fire bats (Gauntlet)
  A warg (D:9)
  A hell hound (Gauntlet)
  An acid dragon (D:9)
  A water moccasin (D:7)
  4 ice beasts
  8 orc warriors
  2 sky beasts
  2 black bears (D:6)
  5 centaurs
  2 lemures
  2 kobold brigands
  A weeping skull (Ossuary)
  A bullfrog (D:9)
  A gnoll sergeant (D:8)
  3 water moccasin zombies (Ossuary)
  18 wights
  10 killer bees
  7 howler monkeys
  6 electric eels (D:5)
  A bombardier beetle (D:6)
  A hound (D:7)
  A jelly (D:7)
  A gnoll bouda (D:7)
  8 orc priests
  A spectral scorpion (Ossuary)
  3 iguanas
  Terence (D:3)
  3 orc wizards
  A bullfrog simulacrum (Ossuary)
  A crocodile zombie (Ossuary)
  2 mummies (Ossuary)
  10 adders
  16 gnolls
  4 shadow imps (D:8)
  3 white imps
  2 ufetubi (D:5)
  3 adder zombies (Ossuary)
  4 dart slugs
  A ribbon worm (D:3)
  22 orcs
  10 ball pythons
  2 bats
  9 endoplasms
  2 giant cockroaches
  4 goblins (D:1)
  4 hobgoblins
  3 jackals (D:5)
  5 quokkas
  2 frilled lizards (D:1)
  9 gnoll zombies (Ossuary)
  2 jackal zombies (Ossuary)
  9 kobolds
  3 orc zombies (Ossuary)
  6 rats
273 creatures vanquished.

Notes
Turn   | Place    | Note
-------+----------+-------------------------------------------
     0 | D:1      | Ijustatesigmund the Gnoll Conjurer began the quest for the
                  | Orb.
     0 | D:1      | Reached XP level 1. HP: 13/13 MP: 6/6
    90 | D:1      | Reached XP level 2. HP: 15/19 MP: 1/7
    93 | D:1      | Learned a level 2 spell: Searing Ray
   207 | D:1      | Found Cuklughi's Book Shoppe.
   505 | D:1      | Reached skill level 5 in Spellcasting
   505 | D:1      | Reached XP level 3. HP: 25/25 MP: 2/9
   578 | D:1      | Reached skill level 1 in Invocations
   867 | D:2      | Found Cipnest's Jewellery Boutique.
   949 | D:2      | Reached skill level 1 in Fighting
   949 | D:2      | Reached skill level 1 in Short Blades
   949 | D:2      | Reached skill level 1 in Long Blades
   949 | D:2      | Reached skill level 1 in Axes
   949 | D:2      | Reached skill level 1 in Maces & Flails
   949 | D:2      | Reached skill level 1 in Polearms
   949 | D:2      | Reached skill level 1 in Staves
   949 | D:2      | Reached skill level 1 in Ranged Weapons
   949 | D:2      | Reached skill level 1 in Throwing
   949 | D:2      | Reached skill level 1 in Armour
   949 | D:2      | Reached skill level 1 in Shields
   949 | D:2      | Reached skill level 1 in Unarmed Combat
   949 | D:2      | Reached skill level 1 in Evocations
  1243 | D:2      | Reached skill level 1 in Shapeshifting
  1243 | D:2      | Reached XP level 4. HP: 32/32 MP: 4/11
  1326 | D:2      | Found Acusinac's Antique Armour Shop.
  1333 | D:2      | Found Fomuush's Antique Weapon Emporium.
  1427 | D:2      | Reached skill level 1 in Hexes
  1427 | D:2      | Reached skill level 1 in Summonings
  1427 | D:2      | Reached skill level 1 in Necromancy
  1427 | D:2      | Reached skill level 1 in Translocations
  1427 | D:2      | Reached skill level 1 in Fire Magic
  1427 | D:2      | Reached skill level 1 in Ice Magic
  1427 | D:2      | Reached skill level 1 in Air Magic
  1427 | D:2      | Reached skill level 1 in Earth Magic
  1427 | D:2      | Reached skill level 1 in Alchemy
  1494 | D:2      | Learned a level 4 spell: Iskenderun's Mystic Blast
  2251 | D:3      | Noticed Terence
  2267 | D:3      | Killed Terence
  2268 | D:3      | Reached XP level 5. HP: 12/37 MP: 1/12
  3120 | D:4      | Reached skill level 5 in Dodging
  3120 | D:4      | Reached XP level 6. HP: 44/44 MP: 9/14
  3413 | D:4      | Noticed Grinder
  3602 | D:4      | You fall into a shaft and drop 2 floors!
  3614 | D:6      | Noticed a black bear
  3669 | D:6      | Found a sand-covered staircase.
  3685 | Ossuary  | Entered an ossuary
  4056 | Ossuary  | Reached XP level 7. HP: 24/51 MP: 5/15
  4529 | Ossuary  | Reached skill level 5 in Stealth
  5482 | D:6      | Reached XP level 8. HP: 44/58 MP: 16/16
  6058 | D:6      | Identified the +7 ring mail of the Everdark {Harm rF+ rN++}
  6242 | D:5      | Entered Level 5 of the Dungeon
  6689 | D:5      | Noticed Pikel
  7376 | D:6      | Reached XP level 9. HP: 65/65 MP: 9/18
  7707 | D:6      | Killed Pikel
  8372 | D:5      | Found a staircase to the Ecumenical Temple.
  8393 | Temple   | Entered the Ecumenical Temple
  8531 | D:5      | Reached skill level 5 in Invocations
 10338 | D:4      | Paralysed by Grinder for 5 turns
 10347 | D:4      | Killed Grinder
 11224 | D:7      | Reached skill level 5 in Fighting
 11224 | D:7      | Reached skill level 5 in Short Blades
 11224 | D:7      | Reached skill level 5 in Long Blades
 11224 | D:7      | Reached skill level 5 in Axes
 11224 | D:7      | Reached skill level 5 in Maces & Flails
 11224 | D:7      | Reached skill level 5 in Polearms
 11224 | D:7      | Reached skill level 5 in Staves
 11224 | D:7      | Reached skill level 5 in Ranged Weapons
 11224 | D:7      | Reached skill level 5 in Throwing
 11224 | D:7      | Reached skill level 5 in Armour
 11224 | D:7      | Reached skill level 5 in Shields
 11224 | D:7      | Reached skill level 5 in Unarmed Combat
 11224 | D:7      | Reached skill level 5 in Evocations
 11224 | D:7      | Reached XP level 10. HP: 26/72 MP: 3/20
 13013 | D:7      | Found a blossoming altar of Fedhas.
 13031 | D:7      | Noticed an oklob plant
 13153 | D:8      | Noticed a two-headed ogre
 13166 | D:8      | Killed a two-headed ogre
 13167 | D:8      | Reached skill level 5 in Shapeshifting
 13804 | D:8      | Found a staircase to the Lair.
 15410 | D:9      | Found a radiant altar of Vehumet.
 15424 | D:9      | Reached skill level 5 in Hexes
 15424 | D:9      | Reached skill level 5 in Summonings
 15424 | D:9      | Reached skill level 5 in Necromancy
 15424 | D:9      | Reached skill level 5 in Translocations
 15424 | D:9      | Reached skill level 5 in Fire Magic
 15424 | D:9      | Reached skill level 5 in Ice Magic
 15424 | D:9      | Reached skill level 5 in Air Magic
 15424 | D:9      | Reached skill level 5 in Earth Magic
 15424 | D:9      | Reached skill level 5 in Alchemy
 15424 | D:9      | Reached XP level 11. HP: 30/81 MP: 12/22
 16164 | D:9      | Noticed Erolcha
 16966 | D:9      | Became a worshipper of Vehumet
 17381 | D:9      | Noticed Erica
 17390 | D:9      | Killed Erica
 17391 | D:9      | Found an opulent altar of Gozag.
 17403 | D:9      | Erolcha changed into Erolcha the bullfrog
 17403 | D:9      | Noticed Erolcha
 17410 | D:9      | Killed Erolcha the bullfrog
 17645 | D:9      | Reached * piety under Vehumet
 17645 | D:9      | Offered knowledge of Sting by Vehumet.
 17795 | D:9      | Noticed a two-headed ogre
 17808 | D:9      | Killed a two-headed ogre
 18240 | D:9      | Found a staircase to the Orcish Mines.
 18842 | D:10     | Entered Level 10 of the Dungeon
 18850 | D:10     | Noticed a boulder beetle
 19164 | D:10     | Killed a boulder beetle
 19810 | D:10     | Identified the +0 chain mail of Inquiry {+Blink rPois rC+}
 19905 | D:9      | Found a white marble altar of Elyvilon.
 19905 | D:9      | Found a sacrificial altar of Ru.
 21583 | D:11     | Found a gate leading to a gauntlet.
 21593 | Gauntlet | Entered a Gauntlet
 21593 | Gauntlet | Found a transporter.
 21603 | Gauntlet | Found a transporter.
 21606 | Gauntlet | Found a transporter.
 21607 | Gauntlet | Found a transporter.
 21615 | Gauntlet | Noticed a fire crab
 21618 | Gauntlet | Found a transporter.
 21619 | Gauntlet | Found a transporter.
 21620 | Gauntlet | Found a transporter.
 21628 | Gauntlet | Found a transporter.
 21630 | Gauntlet | Found a transporter.
 21631 | Gauntlet | Found a transporter.
 21633 | Gauntlet | Noticed a sixfirhy
 21635 | Gauntlet | Found a runed translucent door.
 21635 | Gauntlet | Found a runed translucent door.
 21639 | Gauntlet | Found a transporter.
 21642 | Gauntlet | Found a transporter.
 21643 | Gauntlet | Found a transporter.
 21645 | Gauntlet | Noticed a lightning spire
 21645 | Gauntlet | Noticed a sixfirhy
 22078 | Gauntlet | Killed a fire crab
 22079 | Gauntlet | Reached XP level 12. HP: 32/91 MP: 0/24
 22474 | Gauntlet | Identified the amulet of Yendor {Reflect Dex+5 SH+5}
 22935 | Gauntlet | Noticed a minotaur
 22946 | Gauntlet | HP: 2/136 [minotaur/+4 dire flail of protection (15)]
 22953 | Gauntlet | Mangled by a minotaur

Illustrated notes

Levels and vault maps discovered:
D:1:      wander_arrival_estate, layout_rooms, serial_shops,
          nicolae_book_shop_shelving, nicolae_grassy_gnolls
D:2:      layout_basic, serial_shops, shop, shop_fountains, shop,
          chequers_serial_rivers_small_a, minmay_pentomino_pile
D:3:      layout_loops_ring, serial_aquarium, aquarium_bridge_straight
          [aquarium_subvault_bridge, aquarium_subvault_window,
          aquarium_subvault_bridge, aquarium_subvault_balcony],
          aquarium_window_fake, aquarium_window_corner, aquarium_window_1,
          aquarium_view_2e, aquarium_view_2e, uniq_terence
D:4:      layout_basic, uniq_grinder
D:5:      cheibrodos_two_vegetables, layout_cave_pools, temple_doors_e,
          minmay_misc_feat_chi, uniq_pikel
D:6:      layout_cave_pools, nicolae_ossuary_entry_false_entrances
D:7:      layout_basic, tgw_fedhas
D:8:      layout_rooms, serial_demonic, serial_demonic_f, serial_demonic_b,
          serial_demonic_f, serial_demonic_f
D:9:      layout_loops_ring, nicolae_overflow_hidden_temple,
          nicolae_vehumet_radiance, david_orc_1_choice, grunt_ministairs_8,
          nicolae_figureground_pulse, uniq_erolcha, uniq_erica
D:10:     layout_rooms
D:11:     layout_basic, gauntlet_entry_generic, minmay_fractal_squares_gapless_5
Temple:   sentei_temple_godly_chess
Gauntlet: gammafunk_gauntlet_77_escape_option
          [minmay_gauntlet_arena_77_two_paths,
          minmay_gauntlet_arena_77_block_sizes,
          minmay_gauntlet_arena_77_tiled_triplets,
          minmay_gauntlet_arena_77_shame_cube,
          minmay_gauntlet_arena_77_squiggly,
          nicolae_gauntlet_exit_dead_adventurers]

Skill      XL: |  1  2  3  4  5  6  7  8  9 10 11 12 |
---------------+-------------------------------------+-----
Spellcasting   | 5 6 7 8 9 |  9.0
Invocations    | 1 2 3 4 5 6 7 8 |  8.0
Fighting       | 1 2 3 4 5 6 7 |  7.3
Short Blades   | 1 2 3 4 5 6 7 |  7.3
Long Blades    | 1 2 3 4 5 6 7 |  7.3
Axes           | 1 2 3 4 5 6 7 |  7.3
Maces & Flails | 1 2 3 4 5 6 7 |  7.3
Polearms       | 1 2 3 4 5 6 7 |  7.3
Staves         | 1 2 3 4 5 6 7 |  7.3
Ranged Weapons | 1 2 3 4 5 6 7 |  7.3
Throwing       | 1 2 3 4 5 6 7 |  7.3
Armour         | 1 2 3 4 5 6 7 |  7.3
Shields        | 1 2 3 4 5 6 7 |  7.3
Unarmed Combat | 1 2 3 4 5 6 7 |  7.3
Evocations     | 1 2 3 4 5 6 7 |  7.3
Shapeshifting  | 1 2 3 4 5 6 |  6.7
Hexes          | 1 2 3 4 5 6 |  6.1
Summonings     | 1 2 3 4 5 6 |  6.1
Necromancy     | 1 2 3 4 5 6 |  6.1
Translocations | 1 2 3 4 5 6 |  6.1
Fire Magic     | 1 2 3 4 5 6 |  6.1
Ice Magic      | 1 2 3 4 5 6 |  6.1
Air Magic      | 1 2 3 4 5 6 |  6.1
Earth Magic    | 1 2 3 4 5 6 |  6.1
Alchemy        | 1 2 3 4 5 6 |  6.1
Dodging        | 5 6 7 8 |  8.7
Stealth        | 5 6 7 8 |  8.5
Conjurations   | 8 9 |  9.4

Action                     |  1- 3 |  4- 6 |  7- 9 | 10-12 || total
---------------------------+-------+-------+-------+-------++-------
  Melee: Unarmed           |     3 |       |       |       ||     3
         Bite              |     3 |     7 |    23 |    45 ||    78
         Spear             |     9 |       |       |       ||     9
         Trident           |       |    56 |   109 |   275 ||   440
         Flail             |       |       |    88 |   118 ||   206
   Cast: Magic Dart        |    62 |    65 |    69 |   115 ||   311
         Searing Ray       |     1 |    11 |    21 |    30 ||    63
         Iskenderun's Myst |       |     5 |    26 |    84 ||   115
  Evoke: Wand              |       |       |       |    12 ||    12
    Use: Scroll            |     3 |     5 |     2 |    12 ||    22
         Potion            |       |     2 |     2 |     5 ||     9
   Stab: Sleeping          |       |       |     3 |     1 ||     4
         Paralysed         |       |       |       |    17 ||    17
         Distracted        |       |       |       |     1 ||     1
         Invisible         |       |       |       |     1 ||     1
 Armour: Robe              |     6 |    52 |   209 |   356 ||   623
         Skin              |       |       |       |    11 ||    11
  Dodge: Dodged            |     6 |    58 |   212 |   285 ||   561
  Block: Buckler           |       |       |       |    80 ||    80

Table legend: (Time is in decaauts)
 A = Elapsed time spent in this place.
 B = Non-inter-level travel time spent in this place.
 C = Inter-level travel time spent in this place.
 D = Time resting spent in this place.
 E = Time spent auto-exploring this place.
 F = Levels seen in this place.
 G = Mean time per level.
                   A        B        C        D        E       F      G
               +--------+--------+--------+--------+--------+-----+--------+
         Total |  23060 |  22717 |    343 |  12738 |   7043 |  14 | 1647.1 |
       Dungeon |  19957 |  19614 |    343 |  10141 |   7005 |  11 | 1814.3 |
        Temple |     15 |     15 |      0 |      0 |      0 |   1 |   15.0 |
       Ossuary |   1714 |   1714 |      0 |   1502 |     38 |   1 | 1714.0 |
      Gauntlet |   1372 |   1372 |      0 |   1095 |      0 |   1 | 1372.0 |
               +--------+--------+--------+--------+--------+-----+--------+

Top non-repeatable levels by time:
     D:9: 4234 daAuts
     D:8: 2983 daAuts
     D:5: 2940 daAuts
     D:6: 2475 daAuts
     D:7: 1967 daAuts
 Ossuary: 1714 daAuts
     D:3: 1417 daAuts
Gauntlet: 1372 daAuts
    D:10: 1251 daAuts
     D:2: 928 daAuts
     D:4: 895 daAuts
     D:1: 848 daAuts
  Temple: 15 daAuts
    D:11: 15 daAuts
